 Dungeon Crawl Stone Soup version 0.21.1-1-g345015f (webtiles) character file.

3373 wotfoxis the Cleaver (level 10, -19/88 HPs)
             Began as a Hill Orc Fighter on Feb 19, 2018.
             Was a Believer of Beogh.
             Killed from afar by Erica (24 damage)
             ... with an orb of energy
             ... on level 8 of the Dungeon.
             The game lasted 00:27:09 (7276 turns).

wotfoxis the Cleaver (Hill Orc Fighter)             Turns: 7276, Time: 00:27:09

Health: -19/88     AC: 10    Str: 21    XL:     10   Next: 3%
Magic:  10/10      EV: 12    Int:  8    God:    Beogh [**....]
Gold:   455        SH: 21    Dex: 17    Spells: 9/9 levels left

rFire    . . .     SeeInvis .   a - +1 war axe
rCold    . . .     Gourm    .   d - +2 large shield
rNeg     . . .     Faith    .   b - +0 scale mail
rPois    .         Spirit   .   B - +0 helmet
rElec    .         Reflect  +   (no cloak)
rCorr    .         Harm     .   (no gloves)
MR       ++...                  y - +0 pair of boots
Stlth    ++........             l - +3 amulet of reflection
HPRegen  0.24/turn              h - ring of protection from magic
MPRegen  0.12/turn              q - ring of protection from magic

@: agile
A: no striking features
a: Smiting, Renounce Religion


You were on level 8 of the Dungeon.
You worshipped Beogh.
Beogh was pleased with you.
You were very hungry.

You visited 1 branch of the dungeon, and saw 8 of its levels.

You collected 455 gold pieces.

Inventory:

Hand Weapons
 a - a +1 war axe (weapon)
 p - a +0 vampiric war axe
 E - a +5 trident
Armour
 b - a +0 scale mail (worn)
 c - a +0 shield
 d - a +2 large shield (worn)
 y - a +0 pair of boots (worn)
 B - a +0 helmet (worn)
Jewellery
 h - a ring of protection from magic (left hand)
 l - a +3 amulet of reflection (around neck)
 q - a ring of protection from magic (right hand)
 v - an uncursed ring of fire
 C - an uncursed amulet of guardian spirit {unknown}
 J - a +2 ring of intelligence {unknown}
Wands
 s - a wand of flame (73)
 L - a wand of disintegration (8)
Scrolls
 e - 5 scrolls of enchant weapon
 g - 3 scrolls of remove curse
 x - a scroll of acquirement {unknown}
 z - a scroll of amnesia {unknown}
 A - a scroll of noise {unknown}
 H - a scroll of teleportation {unknown}
 I - a scroll of immolation {unknown}
Potions
 i - 2 potions of brilliance
 j - a potion of flight
 k - a potion of magic
 m - 2 potions of agility
 n - 2 potions of degeneration {unknown}
 o - 4 potions of curing
 u - a potion of haste {unknown}
 w - a potion of experience {unknown}
 D - a potion of invisibility {unknown}
 F - a potion of heal wounds {unknown}
 K - 3 potions of mutation {unknown}
 N - a potion of berserk rage {unknown}
Books
 r - a book of Flames

   Spells                             Type                      Level
   a - Flame Tongue                   Conjuration/Fire             1
   b - Throw Flame                    Conjuration/Fire             2
   c - Conjure Flame                  Conjuration/Fire             3
   d - Inner Flame                    Hexes/Fire                   3
   e - Sticky Flame                   Conjuration/Fire             4
   f - Fireball                       Conjuration/Fire             5
 t - a book of Misfortune

   Spells                             Type                      Level
   a - Confusing Touch                Hexes                        1
   b - Confuse                        Hexes                        3
   c - Gell's Gravitas                Translocation                3
   d - Petrify                        Transmutation/Earth          4
   e - Metabolic Englaciation         Hexes/Ice                    5
   f - Yara's Violent Unravelling     Hexes/Transmutation          5
Comestibles
 f - 10 rations


   Skills:
 + Level 8.3 Fighting
 + Level 10.0 Axes
 + Level 7.8 Armour
 - Level 1.3 Dodging
 - Level 3.0 Stealth
 + Level 7.7 Shields


You had 9 spell levels left.
You didn't know any spells.

Dungeon Overview and Level Annotations

Branches:
Dungeon (8/15)             Temple (0/1) D:6
   Lair: D:8-11

Altars:
Ashenzari
Kikubaaqudgha
Okawaru
Sif Muna
Vehumet
Yredelemnul

Annotations:
D:8 Erica, Prince Ribbit


Message History

Something tries to affect you, but you resist.
Okay, then.
As you read the scroll of fear, it crumbles to dust.
You assume a fearsome visage.
Nothing appears to happen.
You are feeling very hungry.
Something hits you.
* * * LOW HITPOINT WARNING * * *
Something burns you.
* * * LOW HITPOINT WARNING * * *
Items here: )))) [[ †††† You hear some strange, mumbled words.
An orb of energy appears from out of thin air!
The orb of energy hits you!
* * * LOW HITPOINT WARNING * * *
The orb of energy explodes!
You hear a shout!
You hear some strange, mumbled words.
An orb of energy appears from out of thin air!
The orb of energy hits you!
You die...

.# #....# #.#..^...# .#
#....# #.######.# .#
#....# #.##.....# .#
#....# #.##.##### ##
#######.#..# #....#
#.......#..##############
#.......#.......#.......#
#.......#..(## # #####.#
#.......@...## #.#.....#
#.......#....# #.#.##..#
######.#.#....# #...<...#
#........#.#..# ###.##..#
#.########.#..##.........#
#.# #.......#####.#.###
#.# #.###...# #.#.# ##
#.#♣♣ #...♣#..# #.#?# PP♣♣
#)†.♣♣♣♣....♣.># #.#l


There were no monsters in sight!

Vanquished Creatures
  A hippogriff (D:7)
  A hungry ghost (D:7)
  Menkaure (D:5)
  A water moccasin (D:8)
  2 porcupines (D:8)
  3 ice beasts
  A necrophage (D:6)
  A phantom (D:8)
  2 sky beasts (D:8)
  3 ogres
  A centaur (D:5)
  2 big kobolds
  2 bullfrogs
  3 scorpions
  8 wights
  2 howler monkeys (D:4)
  2 centaur zombies
  A crimson imp (D:8)
  3 hounds
  2 jellies
  2 orc priests
  A bullfrog skeleton (D:7)
  A gnoll shaman (D:8)
  Crazy Yiuf (D:6)
  4 orc wizards
  4 worker ants
  A hound skeleton (D:4)
  Robin (D:3)
  6 gnolls
  4 adders
  2 shadow imps
  3 oozes
  An adder skeleton (D:6)
  2 worms (D:4)
  3 dart slugs
  2 leopard geckos
  16 orcs
  4 bats
  7 giant cockroaches
  23 goblins
  13 hobgoblins
  4 jackals (D:2)
  18 kobolds
  7 quokkas
  A ball python (D:1)
  5 frilled lizards
  A jackal skeleton (D:5)
  A jackal zombie (D:7)
  2 leopard gecko skeletons (D:4)
  6 rats
  2 plants (D:8)
190 creatures vanquished.

Vanquished Creatures (others)
  An orc priest (D:5)
  An orc (D:5)
  2 plants (D:8)
4 creatures vanquished.

Grand Total: 194 creatures vanquished

Notes
Turn   | Place    | Note
-------+----------+-------------------------------------------
     0 | D:1      | wotfoxis the Hill Orc Fighter began the quest for the Orb.
     0 | D:1      | Reached XP level 1. HP: 19/19 MP: 1/1
   211 | D:1      | Reached skill level 3 in Axes
   234 | D:1      | Reached XP level 2. HP: 20/27 MP: 2/2
   352 | D:1      | Reached XP level 3. HP: 22/33 MP: 3/3
  1065 | D:2      | Reached skill level 4 in Axes
  1065 | D:2      | Reached XP level 4. HP: 24/40 MP: 4/4
  1948 | D:3      | Noticed Robin
  1980 | D:3      | Killed Robin
  1980 | D:3      | Reached XP level 5. HP: 6/46 MP: 5/5
  2448 | D:3      | Found a radiant altar of Vehumet.
  2922 | D:4      | Reached skill level 5 in Axes
  3012 | D:4      | Reached XP level 6. HP: 41/52 MP: 6/6
  3040 | D:4      | Reached skill level 6 in Axes
  3115 | D:4      | Reached skill level 1 in Dodging
  3505 | D:5      | Entered Level 5 of the Dungeon
  3573 | D:5      | Became a worshipper of Beogh the Brigand
  3731 | D:4      | Reached XP level 7. HP: 52/60 MP: 7/7
  3980 | D:4      | Found an iron altar of Okawaru.
  4042 | D:5      | Noticed Menkaure
  4047 | D:4      | Reached skill level 7 in Axes
  4047 | D:4      | Reached skill level 5 in Armour
  4257 | D:4      | Reached skill level 5 in Fighting
  4263 | D:4      | Reached * piety under Beogh
  4648 | D:5      | Reached skill level 1 in Stealth
  4648 | D:5      | Reached skill level 5 in Shields
  4715 | D:5      | Killed Menkaure
  4715 | D:5      | Reached XP level 8. HP: 30/69 MP: 8/8
  4900 | D:5      | Found a deep blue altar of Sif Muna.
  5202 | D:5      | Found a basalt altar of Yredelemnul.
  5727 | D:6      | Reached skill level 8 in Axes
  5831 | D:6      | Found a staircase to the Ecumenical Temple.
  6065 | D:6      | Found a runed door.
  6073 | D:6      | Noticed Crazy Yiuf
  6083 | D:6      | Killed Crazy Yiuf
  6293 | D:7      | Reached XP level 9. HP: 73/78 MP: 9/9
  6418 | D:7      | Reached ** piety under Beogh
  6603 | D:7      | Reached skill level 9 in Axes
  6898 | D:8      | Found a shattered altar of Ashenzari.
  6960 | D:8      | Found an ancient bone altar of Kikubaaqudgha.
  7161 | D:8      | Noticed Prince Ribbit
  7203 | D:8      | Reached skill level 10 in Axes
  7203 | D:8      | Reached XP level 10. HP: 63/88 MP: 7/10
  7245 | D:8      | Noticed Erica
  7275 | D:8      | HP: 4/88 [something/orb of energy (24)]
  7276 | D:8      | Killed from afar by Erica

Skill      XL: |  1  2  3  4  5  6  7  8  9 |
---------------+----------------------------+-----
Axes           | 3 4 5 6 7 8 10 | 10.0
Fighting       | 4 5 6 8 |  8.3
Armour         | 4 5 6 7 |  7.8
Shields        | 4 5 6 7 |  7.7
Dodging        | 1 |  1.3
Stealth        | 1 3 |  3.0

Action                   |  1- 3 |  4- 6 |  7- 9 | 10-12 || total
-------------------------+-------+-------+-------+-------++-------
Melee: War axe           |   142 |   193 |   342 |    16 ||   693
Invok: Convert to Beogh  |       |     1 |       |       ||     1
       Smiting           |       |       |     2 |       ||     2
Evoke: Wand              |       |       |     4 |       ||     4
  Use: Scroll            |       |     1 |     8 |     1 ||    10
       Potion            |       |     1 |     1 |     1 ||     3
  Eat: Chunk             |     1 |     3 |     4 |       ||     8
       Ration            |       |     2 |     2 |       ||     4
Armor: Scale mail        |    79 |    77 |    75 |     1 ||   232
Dodge: Dodged            |    62 |    57 |    62 |     2 ||   183
Block: Shield            |    73 |    93 |   129 |       ||   295
       Reflection        |       |       |    12 |       ||    12
       Large shield      |       |       |   146 |     4 ||   150
